 Dungeon Crawl Stone Soup version 0.27.1 (webtiles) character file.

Game seed: 14933714574177370488

4 VictoriousLee the Insei (level 1, 2/9 HPs)
             Began as a Vine Stalker Transmuter on Aug 25, 2021.
             Got out of the dungeon alive.
             The game lasted 00:01:25 (116 turns).

VictoriousLee the Insei (Vine Stalker Transmuter)    Turns: 116, Time: 00:01:25

Health: 2/9        AC:  2    Str: 12    XL:     1   Next: 70%
Magic:  2/4        EV: 12    Int: 13    God:
Gold:   25         SH:  0    Dex: 14    Spells: 3/4 levels left

rFire    . . .     SeeInvis .     - Unarmed
rCold    . . .     Faith    .   (no shield)
rNeg     . . .     Spirit   +   a - +0 robe
rPois    .         Reflect  .   (no helmet)
rElec    .         Harm     .   (no cloak)
rCorr    .         Rampage  .   (no gloves)
Will     .....                  (no boots)
Stlth    +.........             (no amulet)
HPRegen  0.03/turn              (no ring)
MPRegen  0.09/turn              (no ring)

@: no status effects
A: fangs 2, magic shield, antimagic bite, no potion heal 2
a: no special abilities


You escaped.
You visited 1 branch of the dungeon, and saw 1 of its levels.

You collected 25 gold pieces.

Inventory:

Hand Weapons
 b - a +0 dagger
Missiles
 c - 12 arrows
Armour
 a - a +0 robe (worn)


   Skills:
 - Level 0.8 Fighting
 - Level 1.5 Dodging
 + Level 3.3 Unarmed Combat
 - Level 2.1 Spellcasting
 - Level 2.0 Transmutations


You had 3 spell levels left.
You knew the following spells:

 Your Spells              Type           Power      Damage    Failure   Level
a - Beastly Appendage     Tmut           12%        N/A       11%         1

Your spell library contained the following spells:

 Spells                   Type           Power      Damage    Failure   Level
 Wereblood                Tmut           6%         N/A       17%         2
 Spider Form              Tmut/Pois      2%         N/A       45%         3
 Ice Form                 Ice/Tmut       4%         N/A       86%         4


Dungeon Overview and Level Annotations

Branches:
Dungeon (1/15)

Altars:


Innate Abilities, Weirdness & Mutations

You have extremely sharp teeth.
When hurt, damage is shared between your health and your magic reserves.
Your bite disrupts and absorbs the magic of your enemies.
Potions cannot restore your health.


Message History

The ball python hisses angrily.
You barely miss the hobgoblin. Your kick misses the hobgoblin.
You bite the hobgoblin. You drain its power.
You feel invigorated.
The hobgoblin is moderately wounded.
The gnoll misses you. The hobgoblin barely misses you.
You barely miss the hobgoblin. Your bite misses the hobgoblin.
The hobgoblin is moderately wounded.
The gnoll barely misses you. The hobgoblin hits you.
You hit the hobgoblin.
You kill the hobgoblin!
The gnoll hits you from afar with a +0 spear.
A giant cockroach comes into view.
You hit the giant cockroach but do no damage.
You claw the giant cockroach, but do no damage.
The gnoll hits you from afar with a +0 spear.
The giant cockroach closely misses you.
You hit the giant cockroach. Your bite misses the giant cockroach.
The giant cockroach is severely wounded.
Your transformation is almost over.
The giant cockroach closely misses you.
The gnoll hits you from afar with a +0 spear.
* * * LOW HITPOINT WARNING * * *
The giant cockroach misses you.
The giant cockroach bites you but does no damage.
The giant cockroach barely misses you.
Your horns disappear.
Your talons disappear.
The giant cockroach closely misses you.
Unknown command.
You hit the giant cockroach. Your bite misses the giant cockroach.
The giant cockroach is severely wounded.
The giant cockroach bites you but does no damage.
You barely miss the giant cockroach. You bite the giant cockroach.
You kill the giant cockroach!
The giant cockroach bites you. The giant cockroach misses you.
There is an open door here.
There is a staircase leading out of the dungeon here.
Are you sure you want to leave the Dungeon?
This will make you lose the game! The giant cockroach closely misses you.
The giant cockroach barely misses you.
You have escaped!

#....## #######.##B.# ..
#......S....# #.#
#............# #.#
.........g...# #.#
.......###...# #.#
......##.##..# ###.#
......#..S#S.###.#.#
...#..+.@B'g.......#
#.....#...#..#.#.#.######
## ##.##..............
###.....#.#.######
........#....#
.........##.#.#
.........##.#†#
^###.#...##........#
#.#...####.####.#


You could see a gnoll, a giant cockroach and 2 ball pythons.

Vanquished Creatures
  2 giant cockroaches (D:1)
  A hobgoblin (D:1)
  A ball python (D:1)
4 creatures vanquished.

Notes
Turn   | Place    | Note
-------+----------+-------------------------------------------
     0 | D:1      | VictoriousLee the Vine Stalker Transmuter began the quest
                  | for the Orb.
     0 | D:1      | Reached XP level 1. HP: 9/9 MP: 4/4
    76 | D:1      | Found a faded altar of an unknown god.
   116 | D:$      | Got out of the dungeon alive.

Illustrated notes

Levels and vault maps discovered:
D:1:      dpeg_arrival_shelter, layout_loops_ring,
          hellmonk_ecumenical_altar_arch_garden, minmay_lizard_pond

Action                   || total
-------------------------++-------
Melee: Unarmed           ||    13
       Bite              ||     2
       Kick              ||     1
 Cast: Beastly Appendage ||     3
Armor: Robe              ||     3
Dodge: Dodged            ||    18
